 Dungeon Crawl Stone Soup version 0.32-a0-12-g7fc57aa741 (webtiles) character file.

Game seed: 5852529335420368106

198 Gargoyl the Chopper (level 5, 0/33 HPs)
             Began as a Gargoyle Berserker on Jan 14, 2024.
             Was a Believer of Trog.
             Slain by temujin's ghost (6 damage)
             ... on level 3 of the Dungeon.
             The game lasted 00:02:07 (1487 turns).

Gargoyl the Chopper (Gargoyle Berserker)            Turns: 1487, Time: 00:02:08

Health: 0/33       AC:  7    Str: 21    XL:     5   Next: 76%
Magic:  5/5        EV: 12    Int:  7    God:    Trog [**....]
Gold:   71         SH:  0    Dex: 11    Spells: 4/4 levels left

rFire   . . .        a - +1 hand axe
rCold   . . .        (no shield)
rNeg    + + .        b - +1 animal skin
rPois   ∞            (no helmet)
rElec   +            (no cloak)
rCorr   .            (no gloves)
SInv    .            (no boots)
Will    ++...        (no amulet)
Stlth   ++           d - ring of positive energy
HPRegen 1.25/turn    (no ring)
MPRegen 0.09/turn

%: no passive effects
@: strong-willed, on berserk cooldown, regenerating, slowed, very slow
A: sickness immunity, AC +4, negative energy resistance 1, electricity
resistance, torment resistance 1, petrification resistance
a: Renounce Religion, Berserk, Trog's Hand


You were on level 3 of the Dungeon.
You worshipped Trog.
Trog was pleased with you.
You visited 1 branch of the dungeon, and saw 3 of its levels.

You collected 71 gold pieces.

Inventory:

Hand Weapons
 a - a +1 hand axe (weapon)
Missiles
 f - a throwing net (quivered)
Armour
 b - a +1 animal skin (worn)
Jewellery
 d - a ring of positive energy (left hand)
Scrolls
 e - a scroll of enchant armour
 g - a scroll of identify
 h - a scroll of teleportation
Potions
 c - a potion of lignification


   Skills:
 + Level 4.2 Fighting
 + Level 4.3 Axes
 + Level 2.5 Armour
 + Level 2.3 Dodging
 + Level 1.6 Stealth


You had 4 spell levels left.
You didn't know any spells.
Your spell library was empty.

Dungeon Overview and Level Annotations

Branches:
Dungeon (3/15)

Altars:

Annotations:
D:3 temujin's ghost, amateur HuSh


Innate Abilities, Weirdness & Mutations

You are immune to sickness and miasma.
Your stone body is resilient. (AC +4)
You are immune to poison.
You resist negative energy. (rN+)
You are resistant to electric shocks. (rElec)
You are resistant to unholy torment.
You are immune to petrification.


Message History

You are no longer berserk.
You are exhausted.
You feel yourself slow down. Greenbourne's ghost barely misses you.
Temujin's ghost screams, "Don't try to defend!
You have no chance!"
Temujin's ghost closely misses you.
You closely miss temujin's ghost.
Temujin's ghost is almost destroyed.
You miss greenbourne's ghost. Greenbourne's ghost misses you.
Temujin's ghost hits you but does no damage.
Unknown command.
You closely miss temujin's ghost.
Temujin's ghost is almost destroyed.
You completely miss greenbourne's ghost.
Your skin stops crawling.
You feel less strong-willed.
Greenbourne's ghost hits you but does no damage.
Temujin's ghost hits you!
* * * LOW HITPOINT WARNING * * *
Greenbourne's ghost misses you. Temujin's ghost hits you.
* * * LOW HITPOINT WARNING * * *
Your skin crawls.
You feel strong-willed.
Greenbourne's ghost completely misses you.
Temujin's ghost misses you.
You barely miss temujin's ghost.
Temujin's ghost is almost destroyed.
You barely miss greenbourne's ghost.
Greenbourne's ghost completely misses you.
Temujin's ghost hits you.
* * * LOW HITPOINT WARNING * * *
Temujin's ghost closely misses you.
Greenbourne's ghost hits you but does no damage.
You barely miss temujin's ghost.
Temujin's ghost is almost destroyed.
You hit greenbourne's ghost.
You destroy greenbourne's ghost!
Trog accepts your kill. Temujin's ghost hits you.
* * * LOW HITPOINT WARNING * * *
Temujin's ghost hits you.
You die...

#...##.# #...##.##
...>....## .........##
..........########
.....#...#.......#####
......###.##...).....#
.####..#.###.......#.#
.# ##..## ###''@### .#
#.## ♣....W..♣ ... .#
#.# #⌠.......⌠# .. .#
#+# #♣.......♣# #.. ##
#?.......( #####.##
##8.....8##
###<.....## ##[[8.(##
#.........# ##
############.#.###...#
.+
+.....................


You could see temujin's ghost.

Vanquished Creatures
  The ghost of Mandevil the Insei, an amateur GnSh (D:3)
  The ghost of greenbourne the Vexing, an amateur FoHs (D:3)
  3 adders
  A ribbon worm (D:2)
  8 bats
  3 endoplasms
  2 giant cockroaches
  2 goblins (D:1)
  3 hobgoblins
  3 jackals (D:3)
  2 quokkas (D:1)
  A ball python (D:2)
  3 frilled lizards (D:1)
  5 kobolds
  6 rats
44 creatures vanquished.

Notes
Turn   | Place    | Note
-------+----------+-------------------------------------------
     0 | D:1      | Gargoyl the Gargoyle Berserker began the quest for the Orb.
     0 | D:1      | Reached XP level 1. HP: 14/14 MP: 1/1
   258 | D:1      | Reached XP level 2. HP: 19/19 MP: 2/2
   634 | D:2      | Reached XP level 3. HP: 10/24 MP: 3/3
   835 | D:2      | Reached ** piety under Trog
  1297 | D:3      | Reached XP level 4. HP: 29/29 MP: 4/4
  1458 | D:3      | Found a runed translucent gate.
  1458 | D:3      | Found a runed translucent gate.
  1458 | D:3      | Found a runed translucent gate.
  1459 | D:3      | Noticed Mandevil's ghost (amateur GnSh)
  1459 | D:3      | Noticed greenbourne's ghost (amateur FoHs)
  1462 | D:3      | Noticed temujin's ghost (amateur HuSh)
  1479 | D:3      | Killed Mandevil's ghost
  1480 | D:3      | Reached skill level 1 in Stealth
  1480 | D:3      | Reached XP level 5. HP: 15/33 MP: 5/5
  1487 | D:3      | Killed greenbourne's ghost
  1487 | D:3      | Slain by temujin's ghost

Illustrated notes

Levels and vault maps discovered:
D:1:      amcnicky_arrival_abandoned_market, layout_loops_cross,
          minmay_octomino_c4
D:2:      layout_loops_ring, hangedman_decor_clover_reticule
D:3:      layout_loops_corners, elyvilon_altar_3,
          hellmonk_ecumenical_altar_crossroads, serial_shops,
          nicolae_shop_getting_attention, gammafunk_ghost_cemetery,
          kennysheep_doodads

Skill      XL: |  1  2  3  4 |
---------------+-------------+-----
Axes           | 3 4 |  4.3
Dodging        | 2 |  2.3
Fighting       | 4 |  4.2
Stealth        | 1 |  1.6
Armour         | |  2.5

Action                     |  1- 3 |  4- 6 || total
---------------------------+-------+-------++-------
  Melee: Hand axe          |    79 |    30 ||   109
         Punch             |     1 |       ||     1
 Invoke: Trog's Hand       |       |     2 ||     2
         Berserk           |       |     1 ||     1
    Use: Scroll            |     8 |       ||     8
   Stab: Sleeping          |     1 |     1 ||     2
 Armour: Animal skin       |    61 |    29 ||    90
  Dodge: Dodged            |    89 |    31 ||   120

Table legend: (Time is in decaauts)
 A = Elapsed time spent in this place.
 B = Non-inter-level travel time spent in this place.
 C = Inter-level travel time spent in this place.
 D = Time resting spent in this place.
 E = Time spent auto-exploring this place.
 F = Levels seen in this place.
 G = Mean time per level.
                   A        B        C        D        E       F      G
               +--------+--------+--------+--------+--------+-----+--------+
         Total |   1502 |   1463 |     39 |      0 |   1052 |   3 |  500.7 |
       Dungeon |   1502 |   1463 |     39 |      0 |   1052 |   3 |  500.7 |
               +--------+--------+--------+--------+--------+-----+--------+

Top non-repeatable levels by time:
     D:2: 639 daAuts
     D:1: 632 daAuts
     D:3: 230 daAuts
